 Dungeon Crawl Stone Soup version 0.27-a0-760-gc38aae387d (webtiles) character file.

Game seed: 3204245202171876893

53 tsouns the Ducker (level 3, 0/29 HPs)
             Began as a Djinni Gladiator on Mar 25, 2021.
             Slain by a worm (10 damage)
             ... on level 2 of the Dungeon.
             The game lasted 00:02:25 (1934 turns).

tsouns the Ducker (Djinni Gladiator)                Turns: 1934, Time: 00:02:26

Health: 0/29       AC:  4    Str: 13    XL:     3   Next: 89%
Gold:   81         EV: 13    Int: 10    God:
                   SH:  0    Dex: 14

rFire    + + .     SeeInvis .   a - +0 long sword
rCold    x . .     Faith    .   (no shield)
rNeg     . . .     Spirit   .   b - +0 leather armour
rPois    ∞         Reflect  .   c - +0 helmet
rElec    .         Harm     .   (no cloak)
rCorr    .         Rampage  .   (no gloves)
Will     .....                  (boots unavailable)
Stlth    +.........             (no amulet)
HPRegen  0.09/turn              (no ring)
MPRegen  0.00/turn              (no ring)

@: flying, very slightly contaminated
A: fire resistance 2, cold vulnerability 1, float, innate caster, hp casting,
extra vitality 1
a: no special abilities


You were on level 2 of the Dungeon.
You visited 1 branch of the dungeon, and saw 2 of its levels.

You collected 81 gold pieces.

Inventory:

Hand Weapons
 a - a +0 long sword (weapon)
Missiles
 d - 2 throwing nets (quivered)
 i - 8 silver javelins
Armour
 b - a +0 leather armour (worn)
 c - a +0 helmet (worn)
Jewellery
 k - a ring of magical power
Scrolls
 g - a scroll of identify {unknown}
 j - a scroll of torment {unknown}
Potions
 e - 2 potions of curing {unknown}
 f - a potion of cancellation {unknown}
 h - a potion of resistance {unknown}


   Skills:
 + Level 2.6 Fighting
 * Level 3.5 Long Blades
 - Level 1.5 Throwing
 + Level 3.8 Dodging


You had one spell level left.
You knew the following spells:

 Your Spells              Type           Power      Damage    Failure   Level
a - Corona                Hex            0%         N/A       43%         1
Your spell library was empty.

Dungeon Overview and Level Annotations

Branches:
Dungeon (2/15)

Altars:
Xom
The Shining One

Shops:
D:1 =


Innate Abilities, Weirdness & Mutations

You are immune to poison.
Your flesh is very heat resistant. (rF++)
You are vulnerable to cold. (rC-)
You float through the air rather than walking.
You learn spells naturally, not from books.
Your magical power is your life essence.
You have superior vitality. (+4 HP)


Message History

Aiming: Corona (safe; 43% risk of failure)
Press: ? - help, Shift-Dir - straight line, f/p - worm
Aim: a worm (chance to affect: 41%)
You miscast Corona.
You are very lightly contaminated with residual magic.
Nothing appears to happen.
Casting: Corona (safe; 43% risk of failure)
Confirm with . or Enter, or press ? or * to list all spells.
Aiming: Corona (safe; 43% risk of failure)
Press: ? - help, Shift-Dir - straight line, f/p - worm
Aim: a worm (chance to affect: 41%)
You miscast Corona.
Nothing appears to happen.
Casting: Corona (safe; 43% risk of failure)
Confirm with . or Enter, or press ? or * to list all spells.
Aiming: Corona (safe; 43% risk of failure)
Press: ? - help, Shift-Dir - straight line, f/p - worm
Aim: a worm (chance to affect: 41%)
The worm resists with significant effort.
Unknown command.
Casting: Corona (safe; 43% risk of failure)
Confirm with . or Enter, or press ? or * to list all spells.
Aiming: Corona (safe; 43% risk of failure)
Press: ? - help, Shift-Dir - straight line, f/p - worm
Aim: a worm (chance to affect: 41%)
You miscast Corona.
Nothing appears to happen.
Unknown command.
You hit the worm.
The worm is lightly wounded.
You slash the worm!
The worm is heavily wounded.
The worm bites you.
You barely miss the worm.
The worm is heavily wounded.
The worm bites you!
You hit the worm but do no damage.
The worm is heavily wounded.
You hit the worm.
The worm is severely wounded.
The worm bites you!
You die...

#†#.# #.# #.#.. #.# #.###
#.# #### #.# #.# ...# #.#
#.# ##.# #.# #.# .#.#####
#.# #.# .<.....# #w# #.#
##.###.# #@### #.# #.#
#.#########...#.# #.# ##.#
#.#.........#.#.# #.# ##.#
#.#.###.###.#.#.# #.# .#.#
#....)#.#.....#.########.#
...#
#...#.#.###...#.#........#
.###
#...#.....#.#.#.#.########
## #...###.#.#.#.#.#.# ###
#.#.........#.#.#.#


You could see a worm.

Vanquished Creatures
  2 adders (D:2)
  3 bats
  8 endoplasms
  3 goblins
  2 hobgoblins
  5 kobolds
  2 ball pythons (D:1)
  4 frilled lizards
  4 rats
33 creatures vanquished.

Notes
Turn   | Place    | Note
-------+----------+-------------------------------------------
     0 | D:1      | tsouns the Djinni Gladiator began the quest for the Orb.
     0 | D:1      | Reached XP level 1. HP: 18/18 MP: 0/0
   196 | D:1      | Found a shimmering altar of Xom.
   222 | D:1      | Reached XP level 2. HP: 23/23 MP: 0/0
   230 | D:1      | Found Uhise's Jewellery Shoppe.
  1164 | D:2      | Reached XP level 3. HP: 19/29 MP: 0/0
  1164 | D:2      | Learned a level 1 spell: Corona
  1430 | D:2      | Found a glowing golden altar of the Shining One.
  1934 | D:2      | Slain by a worm

Illustrated notes

Levels and vault maps discovered:
D:1:      dpeg_arrival_more_subterranean_lakeside_camping, layout_basic,
          serial_shops, nicolae_shop_crystal, minmay_door_square,
          xom_teletrap_fun
D:2:      layout_loops_ring, overflow_temple_1_default, minmay_misc_feat_roman

Skill      XL: |  1  2 |
---------------+-------+-----
Long Blades    | 3 |  3.5
Fighting       | |  2.6
Throwing       | |  1.5
Dodging        | |  3.8

Action                   || total
-------------------------++-------
Melee: Long sword        ||    89
Throw: Throwing net      ||     3
       Javelin           ||     1
 Cast: Corona            ||     6
 Stab: Distracted        ||     1
Armor: Leather armour    ||    25
Dodge: Dodged            ||    54
       Rpst.: Long sword ||     9

Table legend: (Time is in decaauts)
 A = Elapsed time spent in this place.
 B = Non-inter-level travel time spent in this place.
 C = Inter-level travel time spent in this place.
 D = Time resting spent in this place.
 E = Time spent auto-exploring this place.
 F = Levels seen in this place.
 G = Mean time per level.
                   A        B        C        D        E       F      G
               +--------+--------+--------+--------+--------+-----+--------+
         Total |   1956 |   1876 |     80 |      0 |   1612 |   2 |  978.0 |
       Dungeon |   1956 |   1876 |     80 |      0 |   1612 |   2 |  978.0 |
               +--------+--------+--------+--------+--------+-----+--------+

Top non-repeatable levels by time:
     D:1: 1385 daAuts
     D:2: 571 daAuts
